Map: Lightshade LE

Players

Reynor - Winner!

  • Race: Zerg Zerg
  • Spawn Location: 5:00

HeRoMaRinE

  • Race: Terran Terran
  • Spawn Location: 11:00

Event: IEM Katowice 2021

VOD

Have the link to the VOD?

Description

Time

  • Played on: Feb. 24, 2021, 10:30 a.m.
  • Length: 8:11

All games in this series

Show
View Real Time Build Order
Export as new Build Order

Reynor Zerg - Winner!

Build Orders: Hatch First 

Get SALT Encoding   

  12  0:00  Drone  
  13  0:12  Overlord  
  13  0:16  Drone  
  14  0:30  Drone x2  
  16  0:48  Hatchery  
  15  0:50  Drone  
  15  0:54  Drone  
  17  0:57  Drone  
  18  1:07  Extractor  
  17  1:12  Spawning Pool  
  17  1:15  Drone  
  17  1:18  Drone  
  18  1:28  Drone  
  19  1:38  Drone  
  20  1:49  Overlord  
  20  1:59  Queen x2  
  20  2:00  Zergling x4  
  26  2:10  Drone x2  
  26  2:12  Metabolic Boost  
  28  2:21  Drone x2  
  30  2:32  Drone x2  
  30  2:34  Queen  
  34  2:42  Overlord  
  34  2:44  Drone  
  34  2:49  Pneumatized Carapace  
  35  2:54  Drone  
  36  3:01  Hatchery  
  36  3:03  Drone  
  36  3:05  Drone  
  37  3:07  Drone  
  37  3:10  Zergling x2  
  37  3:12  Drone  
  40  3:14  Overlord  
  40  3:19  Drone  
  41  3:22  Queen  
  41  3:25  Drone  
  44  3:33  Overlord  
  44  3:34  Drone  
  44  3:37  Drone  
  44  3:39  Overlord  
  46  3:50  Overlord  
  46  3:54  Drone x2, Queen  
  50  3:56  Baneling Nest  
  50  3:57  Zergling x6  
  50  3:58  Zergling x2  
  53  4:04  Overlord  
  53  4:07  Queen  
  53  4:09  Drone  
  56  4:16  Drone x4  
  60  4:19  Drone  
  60  4:20  Drone  
  60  4:23  Drone  
  63  4:29  Overlord  
  63  4:30  Drone  
  64  4:32  Queen  
  64  4:34  Drone  
  67  4:38  Drone  
  67  4:39  Drone x2, Queen  
  67  4:41  Drone  
  67  4:45  Zergling x2  
  73  4:47  Zergling x2  
  73  4:49  Drone, Spore Crawler  
  73  4:50  Drone x2  
  77  4:54  Lair  
  77  4:55  Drone x2  
  77  4:57  Drone  
  80  5:03  Overlord  
  80  5:04  Overlord, Drone  
  80  5:05  Extractor  
  80  5:06  Overlord  
  80  5:07  Drone  
  81  5:18  Overlord  
  81  5:22  Drone x3  
  81  5:23  Hatchery  
  81  5:25  Drone x3  
  86  5:30  Overlord  
  86  5:31  Drone x3  
  86  5:33  Evolution Chamber  
  86  5:34  Queen  
  91  5:35  Drone  
  91  5:41  Extractor  
  91  5:42  Zergling x2  
  91  5:43  Zergling x4  
  91  5:48  Extractor, Drone x2  
  91  5:49  Extractor  
  93  5:51  Drone x3  
  93  5:53  Overlord  
  93  5:55  Drone x6  
  93  5:56  Centrifical Hooks  
  102  5:57  Evolution Chamber  
  102  6:03  Zergling x4  
  103  6:05  Overlord  
  103  6:10  Zergling x2  
  100  6:13  Zergling x2  
  100  6:14  Drone  
  100  6:16  Zerg Ground Armor Level 1  
  98  6:21  Zergling x2, Queen x2  
  98  6:23  Zergling x8  
  98  6:24  Zergling x2  
  108  6:27  Zergling x6  
  111  6:33  Overlord  
  111  6:34  Queen  
  111  6:35  Drone x2  
  111  6:37  Zergling x2  
  116  6:44  Zergling x2, Overlord  
  116  6:45  Zergling x4  
  116  6:46  Zergling x4  
  121  6:47  Baneling x8  
  121  6:48  Zergling x2  
  121  6:52  Drone x2  
  124  6:56  Zergling x6  
  124  6:59  Drone x2  
  124  7:00  Zergling x6  
  132  7:01  Baneling x6  
  132  7:07  Drone x2  
  134  7:09  Baneling x5  
  134  7:10  Zergling x4  
  136  7:19  Zergling x4  
  136  7:21  Baneling x6  
  139  7:22  Zergling x2  
  139  7:23  Zergling x8  
  139  7:25  Baneling x2  
  139  7:29  Zergling x8  
  147  7:30  Overlord  
  147  7:33  Zergling x2  
  147  7:35  Baneling x4  
  148  7:37  Zergling x8  
  148  7:41  Hatchery  
  149  7:44  Baneling x9  
  149  7:45  Overlord, Baneling x2  
  149  7:48  Zergling x6  
Show
View Real Time Build Order
Export as new Build Order

HeRoMaRinE Terran 

Build Orders:  

Get SALT Encoding   

  12  0:00  SCV  
  13  0:12  SCV  
  14  0:17  Supply Depot  
  14  0:24  SCV  
  15  0:38  SCV  
  15  0:39  Barracks  
  15  0:42  Refinery  
  16  0:50  SCV  
  17  1:02  SCV  
  18  1:15  SCV  
  19  1:26  Marine  
  19  1:27  Orbital Command  
  20  1:39  Command Center  
  20  1:49  Factory  
  20  1:53  SCV  
  21  2:02  Barracks Reactor  
  21  2:05  SCV  
  22  2:10  Supply Depot  
  22  2:17  SCV  
  22  2:19  Refinery  
  23  2:31  SCV  
  23  2:33  Hellion  
  26  2:39  Marine x2, Starport  
  26  2:44  SCV  
  29  2:50  Orbital Command  
  29  2:56  SCV  
  29  2:57  Hellion  
  32  3:00  Marine  
  32  3:01  Marine  
  34  3:08  SCV  
  35  3:15  Medivac  
  35  3:16  SCV  
  35  3:18  Marine  
  35  3:19  Marine  
  40  3:20  SCV  
  40  3:21  Factory Tech Lab  
  40  3:26  Supply Depot  
  41  3:28  SCV  
  41  3:32  SCV  
  43  3:41  SCV  
  44  3:44  SCV  
  45  3:49  Hellion x2  
  45  3:51  Raven, Supply Depot  
  45  3:53  SCV  
  45  3:55  Barracks Tech Lab  
  52  3:56  SCV  
  52  3:59  Supply Depot  
  53  4:05  SCV  
  54  4:13  SCV  
  55  4:18  Command Center  
  55  4:19  SCV  
  55  4:21  Stimpack  
  55  4:22  Marine  
  57  4:25  SCV  
  57  4:27  Hellion  
  57  4:29  Hellion  
  62  4:35  SCV  
  62  4:37  SCV  
  62  4:38  Supply Depot  
  64  4:40  Marine  
  64  4:44  Starport Reactor  
  65  4:47  SCV  
  65  4:49  SCV  
  67  4:54  Barracks  
  67  4:58  Barracks, Marine  
  67  4:59  SCV  
  69  5:01  SCV, Siege Tank  
  73  5:07  Engineering Bay x2  
  73  5:11  SCV  
  73  5:13  SCV, Refinery  
  75  5:14  Refinery  
  75  5:16  Marine  
  76  5:23  SCV  
  76  5:25  SCV  
  78  5:30  Starport Reactor  
  78  5:33  Siege Tank  
  78  5:34  Marine, Terran Infantry Weapons Level 1, Orbital Command  
  82  5:36  SCV  
  82  5:37  SCV  
  84  5:46  Marine x2  
  84  5:48  SCV, Terran Infantry Armor Level 1  
  88  5:50  SCV  
  88  5:57  Barracks, Supply Depot  
  88  5:58  Barracks  
  88  5:59  Supply Depot  
  88  6:01  Combat Shield  
  88  6:04  SCV x2, Marine x2  
  90  6:05  Marine  
  90  6:08  Marine  
  90  6:09  Marine  
  90  6:16  Medivac x2, SCV  
  91  6:22  SCV, Marine x2  
  94  6:26  Siege Tank  
  94  6:27  Marine, Supply Depot  
  94  6:28  SCV, Supply Depot, Marine  
  100  6:34  SCV  
  100  6:36  Orbital Command  
  100  6:39  Marine  
  102  6:40  SCV, Marine  
  102  6:45  Barracks Reactor x2  
  102  6:46  Medivac, SCV  
  107  6:52  SCV  
  107  6:53  Marine x3  
  111  6:54  Supply Depot  
  111  6:57  Marine  
  111  6:58  SCV  
  113  7:01  Marine, Armory  
  113  7:04  SCV  
  113  7:07  SCV  
  116  7:10  SCV  
  116  7:11  Marine x3  
  116  7:15  Marine  
  121  7:16  SCV  
  121  7:18  Siege Tank  
  121  7:19  Marine  
  126  7:26  Marine x3  
  126  7:27  Marine  
  126  7:29  Marine x3  
  133  7:30  Supply Depot  
  133  7:39  Supply Depot  
  133  7:40  Supply Depot  
  133  7:41  Marine x2  
  133  7:44  Marine x4  
  116  7:45  SCV x2  
  116  7:46  SCV, Marine x2  
  116  7:47  Marine  
  126  7:57  SCV x2  
  126  7:58  SCV  

Tags
 
Add a new tag
Caveats
  • Supply blocks, unpowered buildings, or Contaminate may cause inaccurate times.
  • Supply counts are checked every 10 seconds.